 Dungeon Crawl Stone Soup version 0.31-a0-435-g2c6fae2916 (webtiles) character file.

Game seed: 12725101060502287814

56 Midn8 the Chopper (level 3, 0/28 HPs)
             Began as a Minotaur Wanderer on Aug 2, 2023.
             Shot with a sling bullet by a goblin (4 damage)
             ... led by Robin
             ... on level 2 of the Dungeon.
             The game lasted 00:02:19 (747 turns).

Midn8 the Chopper (Minotaur Wanderer)                Turns: 747, Time: 00:02:20

Health: 0/28       AC:  6    Str: 17    XL:     3   Next: 71%
Magic:  3/3        EV:  8    Int:  8    God:
Gold:   87         SH:  4    Dex: 11    Spells: 3/4 levels left

rFire   . . .        a - +0 hand axe
rCold   . . .        b - +0 buckler
rNeg    . . .        g - +0 scale mail
rPois   .            (helmet restricted)
rElec   .            (no cloak)
rCorr   .            (no gloves)
SInv    +            (no boots)
Will    .....        (no amulet) Stlth
                     j - ring of see invisible
HPRegen 0.24/turn    (no ring)
MPRegen 0.08/turn

%: no passive effects
@: no status effects
A: horns 2, retaliatory headbutt
a: no special abilities


You were on level 2 of the Dungeon.
You visited 1 branch of the dungeon, and saw 2 of its levels.

You collected 87 gold pieces.

Inventory:

Hand Weapons
 a - a +0 hand axe (weapon)
Armour
 b - a +0 buckler (worn)
 d - a +0 leather armour
 g - a +0 scale mail (worn)
Jewellery
 j - a ring of see invisible (left hand)
Scrolls
 f - a scroll of identify {unknown}
 h - 5 scrolls of enchant weapon {unknown}
 k - 2 scrolls of teleportation {unknown}
Potions
 c - a potion of haste
 e - 4 potions of attraction {unknown}
 i - a potion of brilliance {unknown}
 l - a potion of heal wounds {unknown}


   Skills:
 - Level 1.2 Fighting
 + Level 4.5 Axes
 - Level 1.2 Armour
 - Level 1.0 Stealth
 - Level 2.4 Shields
 - Level 1.0 Spellcasting
 - Level 2.1 Translocations


You had 3 spell levels left.
You knew the following spells:

 Your Spells              Type           Power      Damage    Failure   Level
a - Apportation           Tloc           6%         N/A       58%         1

Your spell library contained the following spells:

 Spells                   Type           Power      Damage    Failure   Level
 Lesser Beckoning         Tloc           6%         N/A       73%         2
 Vhi's Electric Charge    Tloc/Air       4%         N/A       98%         3


Dungeon Overview and Level Annotations

Branches:
Dungeon (2/15)

Altars:

Annotations:
D:2 Robin


Innate Abilities, Weirdness & Mutations

You have a pair of horns on your head.
You reflexively headbutt those who attack you in melee.


Message History

Robin hits you from afar with a +0 spear.
The goblin unwields a +0 dagger.
The goblin wields a +0 sling.
The goblin shoots a sling bullet.
You block the sling bullet. You block the hobgoblin's attack.
The hobgoblin hits you. Robin hits you with a +0 spear.
Things that are here:
a +0 club; a goblin corpse You barely miss the hobgoblin.
You completely miss the hobgoblin. You hit Robin but do no damage.
The hobgoblin hits you but does no damage.
The hobgoblin closely misses you. You furiously retaliate!
You headbutt the hobgoblin!
You kill the hobgoblin!
Robin hits you with a +0 spear.
You barely miss Robin. You hit the goblin but do no damage.
You barely miss the hobgoblin. The hobgoblin hits you.
Robin hits you with a +0 spear.
The goblin unwields a +0 sling.
The goblin wields a +0 dagger.
The goblin hits you but does no damage. Robin barely misses you.
You furiously retaliate!
You headbutt Robin. The hobgoblin hits you.
You hit Robin.
Robin is moderately wounded.
You hit the hobgoblin. You hit the goblin. The goblin barely misses you.
Robin hits you with a +0 spear. The hobgoblin closely misses you.
Unknown command.
You hit Robin. Your headbutt misses Robin.
Robin is heavily wounded.
You hit the hobgoblin.
You kill the hobgoblin!
You closely miss the goblin. The goblin hits you but does no damage.
Robin hits you with a +0 spear.
* * * LOW HITPOINT WARNING * * *
Robin attacks as you move away! Robin barely misses you.
You furiously retaliate!
You headbutt Robin. The goblin hits you but does no damage.
The goblin attacks as you move away! The goblin hits you with a +0 dagger.
* * * LOW HITPOINT WARNING * * *
The goblin unwields a +0 dagger.
The goblin wields a +0 sling.
The goblin shoots a sling bullet.
The sling bullet hits you.
You die...

.#..)#.##...# #.........#
.....†......# #.........# .
##..........# #.........#..
##.........# #.......?...
#.........### #.........#
######......#####..$......###
###...g†)g............[..
#.......#..##....<.l.....
#)..#....)##@..............
....###.....<####............
... #......g..............#
.. #....#...#.##.....#.### .
....##..##... ..#.#.#.#
...###... #.....gg#g. . ....
#.... ........... . b...
..... .### ##. .#


You could see a goblin (strong).

Vanquished Creatures
  3 dart slugs (D:1)
  5 ball pythons (D:1)
  A bat (D:1)
  3 endoplasms (D:1)
  A giant cockroach (D:1)
  7 goblins
  9 hobgoblins
  A jackal (D:1)
  3 quokkas (D:1)
  4 frilled lizards
  4 kobolds
  2 rats
43 creatures vanquished.

Notes
Turn   | Place    | Note
-------+----------+-------------------------------------------
     0 | D:1      | Midn8 the Minotaur Wanderer began the quest for the Orb.
     0 | D:1      | Midn8 set off with the following items: a +0 hand axe, a +0
                  | buckler, a potion of haste, a +0 leather armour; and the
                  | following spell memorised: Apportation; and the following
                  | spells available to memorise: Lesser Beckoning, Vhi's
                  | Electric Charge.
     0 | D:1      | Reached XP level 1. HP: 16/16 MP: 1/1
    71 | D:1      | Reached skill level 2 in Axes
   174 | D:1      | Reached XP level 2. HP: 22/23 MP: 2/2
   218 | D:1      | Reached skill level 3 in Axes
   410 | D:1      | Found a faded altar of an unknown god.
   420 | D:1      | Reached XP level 3. HP: 20/28 MP: 3/3
   529 | D:1      | Reached skill level 4 in Axes
   628 | D:2      | Noticed Robin
   747 | D:2      | Shot with a sling bullet by a goblin

Illustrated notes

Levels and vault maps discovered:
D:1:      dpeg_arrival_arbitrary_c, layout_basic,
          shapermc_ecumenical_altar_notcrosses, hex_intersection,
          serial_park_tiny_1
D:2:      layout_rooms, st_stairs_2, minmay_misc_feat_columns, uniq_robin

Skill      XL: |  1  2  3 |
---------------+----------+-----
Axes           | 2 3 4 |  4.5
Fighting       | |  1.2
Armour         | |  1.2
Stealth        | |  1.0
Shields        | |  2.4
Spellcasting   | |  1.0
Translocations | |  2.1

Action                     || total
---------------------------++-------
  Melee: Hand axe          ||    90
         Headbutt          ||    12
 Armour: Leather armour    ||     5
         Scale mail        ||    40
  Dodge: Dodged            ||    53
  Block: Buckler           ||    19

Table legend: (Time is in decaauts)
 A = Elapsed time spent in this place.
 B = Non-inter-level travel time spent in this place.
 C = Inter-level travel time spent in this place.
 D = Time resting spent in this place.
 E = Time spent auto-exploring this place.
 F = Levels seen in this place.
 G = Mean time per level.
                   A        B        C        D        E       F      G
               +--------+--------+--------+--------+--------+-----+--------+
         Total |    763 |    702 |     61 |    129 |    359 |   2 |  381.5 |
       Dungeon |    763 |    702 |     61 |    129 |    359 |   2 |  381.5 |
               +--------+--------+--------+--------+--------+-----+--------+

Top non-repeatable levels by time:
     D:1: 719 daAuts
     D:2: 44 daAuts
